 Dungeon Crawl Stone Soup version 0.30-a0-585-g93115170b9 (webtiles) character file.

Game seed: 11743081755499744775

340 Newt the Trooper (level 6, 0/48 HPs)
             Began as a Demonspawn Gladiator on Jan 1, 2023.
             Was an Initiate of Gozag.
             Slain by a black bear (11 damage)
             ... on level 5 of the Dungeon.
             The game lasted 00:04:22 (4015 turns).

Newt the Trooper (Demonspawn Gladiator)             Turns: 4015, Time: 00:04:23

Health: 0/48       AC:  7    Str: 16    XL:     6   Next: 30%
Magic:  11/11      EV: 12    Int:  9    God:    Gozag
Gold:   288        SH:  5    Dex: 15    Spells: 12/12 levels left

rFire   . . .      SeeInvis .    g - +2 short sword (vamp)
rCold   . . .      Faith    .    (no shield)
rNeg    . . .      Spirit   .    b - +0 leather armour
rPois   .          Reflect  +    c - +0 helmet
rElec   .          Harm     .    (no cloak)
rCorr   .          Rampage  .    m - +1 pair of gloves
Will    .....                    f - +0 pair of boots
Stlth   ++                       o - amulet of reflection
HPRegen 0.28/turn                (no ring)
MPRegen 0.24/turn                (no ring)

@: no status effects
A: magic regeneration, sturdy frame 1, demonic magic 1
a: Renounce Religion, Potion Petition, Call Merchant, Bribe Branch


You were on level 5 of the Dungeon.
You worshipped Gozag.
Gozag was aware of your devotion.
You visited 1 branch of the dungeon, and saw 5 of its levels.

You collected 288 gold pieces.

Inventory:

Hand Weapons
 a - a +0 rapier
 g - a +2 vampiric short sword (weapon)
Missiles
 k - 8 poisoned darts (quivered)
Armour
 b - a +0 leather armour (worn)
 c - a +0 helmet (worn)
 f - a +0 pair of boots (worn)
 m - a +1 pair of gloves (worn)
Jewellery
 o - an amulet of reflection (around neck)
 s - a +6 ring of intelligence
 u - a +6 ring of intelligence
Scrolls
 n - a scroll of teleportation
 t - a scroll of blinking
Potions
 h - a potion of haste {unknown}
 i - a potion of attraction
 j - 2 potions of heal wounds {unknown}
 l - a potion of mutation {unknown}
 p - a potion of degeneration {unknown}
 q - 2 potions of resistance {unknown}
 r - a potion of experience {unknown}
 w - a potion of curing {unknown}
 x - a potion of lignification {unknown}


   Skills:
 - Level 4.0 Fighting
 - Level 2.6 Short Blades
 - Level 3.0 Throwing
 - Level 2.6 Dodging
 - Level 2.0 Stealth
 + Level 3.5 Spellcasting


You had 12 spell levels left.
You didn't know any spells.
Your spell library contained the following spells:

 Spells                   Type           Power      Damage    Failure   Level
 Cigotuvi's Dreadful Rot  Necr/Pois/Air  2%         N/A       41%         2
 Poisonous Vapours        Pois/Air       2%         N/A       41%         2
 Mephitic Cloud           Conj/Pois/Air  1%         N/A       65%         3
 Summon Guardian Golem    Hex/Summ       1%         N/A       65%         3
 Anguish                  Hex/Necr       0%         N/A       96%         4
 Enfeeble                 Hex            0%         N/A       100%        7
 Orb of Destruction       Conj           0%         9d5       100%        7
 Spellforged Servitor     Conj/Summ      0%         N/A       100%        7


Dungeon Overview and Level Annotations

Branches:
Dungeon (5/15)             Temple (0/1) D:4

Altars:
Gozag
Nemelex Xobeh

Shops:
D:1 (


Innate Abilities, Weirdness & Mutations

You regenerate magic rapidly.
Your movements are slightly less encumbered by armour. (ER -2)
Spells you cast may paralyse adjacent enemies.


Message History

Throw: javelin
Press: ? - help, Q - select action, (/) - cycle Shift-Dir - straight line, f/p - black bear
Aim: a black bear (severely wounded, berserk, 69% to hit)
You throw a javelin.
The javelin pierces through the black bear!
The black bear is almost dead.
The javelin closely misses the iguana.
The black bear barely misses you. x2; You block the black bear's attack. x2
The black bear claws you but does no damage.
You block the black bear's attack.
Blink to where?
Press: ? - help, Dir - move target, p - black bear
As you read the scroll of blinking, it crumbles to dust.
Throw: 12 darts (poison)
Press: ? - help, Q - select action, (/) - cycle Shift-Dir - straight line, f - black bear
Aim: a black bear (almost dead, berserk, 69% to hit)
You throw a poisoned dart.
The poisoned dart completely misses the black bear.
Throw: 11 darts (poison)
Press: ? - help, Q - select action, (/) - cycle Shift-Dir - straight line, f/p - black bear
Aim: a black bear (almost dead, berserk, 69% to hit)
You throw a poisoned dart.
The poisoned dart barely misses the black bear.
Throw: 10 darts (poison)
Press: ? - help, Q - select action, (/) - cycle Shift-Dir - straight line, f/p - black bear
Aim: a black bear (almost dead, berserk, 69% to hit)
You throw a poisoned dart.
The poisoned dart closely misses the black bear.
The black bear rages.
Throw: 9 darts (poison)
Press: ? - help, Q - select action, (/) - cycle Shift-Dir - straight line, f/p - black bear
Aim: a black bear (almost dead, berserk, 69% to hit)
You throw a poisoned dart. The poisoned dart hits the black bear.
The black bear is poisoned.
The black bear is almost dead.
You closely miss the black bear.
The black bear is almost dead.
The black bear bites you!
You die...
Your body crumbles into a pile of gold.

#### ## #.. ...
######### #.# #...
#.......#####.##..#
#.......#...l...>(##
#..<....#(###......#
#......(l.# #.#...##
#....(..### #.......
#..@h...# ####.###
#.......# .#
#.##.#.## +# #.
#.#.# #. #.#.# ....#
.. ...


You could see a black bear (berserk, poisoned) and an iguana.

Vanquished Creatures
  An ice beast (D:4)
  A phantom (D:4)
  An iguana (D:4)
  Terence (D:2)
  A gnoll (D:1)
  4 adders (D:2)
  A white imp (D:4)
  2 worms
  5 orcs (D:4)
  3 endoplasms
  2 giant cockroaches
  6 goblins
  8 hobgoblins
  6 jackals
  A quokka (D:1)
  2 ball pythons (D:1)
  8 bats
  3 frilled lizards
  11 kobolds
  8 rats
75 creatures vanquished.

Notes
Turn   | Place    | Note
-------+----------+-------------------------------------------
     0 | D:1      | Newt the Demonspawn Gladiator began the quest for the Orb.
     0 | D:1      | Reached XP level 1. HP: 16/16 MP: 1/1
    13 | D:1      | Found Cokelopnui's Weapon Shop.
    71 | D:1      | Reached skill level 1 in Stealth
    71 | D:1      | Gained mutation: You regenerate magic rapidly. [demonic
                  | ancestry]
    71 | D:1      | Reached XP level 2. HP: 16/22 MP: 2/2
   576 | D:1      | Reached XP level 3. HP: 25/28 MP: 3/3
   941 | D:2      | Reached skill level 3 in Fighting
  1186 | D:2      | Reached XP level 4. HP: 37/37 MP: 4/4
  1573 | D:2      | Reached skill level 4 in Fighting
  1631 | D:2      | Noticed Terence
  1657 | D:2      | Killed Terence
  2062 | D:3      | Found a faded altar of an unknown god.
  2220 | D:3      | Prayed at the altar of an unknown god.
  2220 | D:3      | Became a worshipper of Gozag Ym Sagoz the Greedy
  2963 | D:4      | Gained mutation: Spells you cast may paralyse adjacent
                  | enemies. [demonic ancestry]
  2963 | D:4      | Reached XP level 5. HP: 42/42 MP: 5/5
  3026 | D:4      | Noticed an ice beast
  3050 | D:4      | Killed an ice beast
  3513 | D:4      | Gained mutation: Your movements are slightly less
                  | encumbered by armour. (ER -2) [demonic ancestry]
  3513 | D:4      | Reached XP level 6. HP: 48/48 MP: 10/10
  3531 | D:4      | Found a sparkling altar of Nemelex Xobeh.
  3742 | D:4      | Found a staircase to the Ecumenical Temple.
  3975 | D:5      | Entered Level 5 of the Dungeon
  4015 | D:5      | Slain by a black bear

Illustrated notes

Levels and vault maps discovered:
D:1:      sevenhm_arrival_forest_fort_small_6, layout_basic, serial_shops, shop,
          chequers_jeans, solitary_fountain, minmay_domino_4
D:2:      layout_basic, uniq_terence
D:3:      layout_loops_corners, shapermc_ecumenical_altar_petra
D:4:      layout_loops_ring, mainiacjoe_overflow_surrounded_room,
          temple_statues, nicolae_titane
D:5:      layout_loops_corners, kennysheep_mini

Skill      XL: |  1  2  3  4  5  6 |
---------------+-------------------+-----
Stealth        | 1 2 |  2.0
Fighting       | 3 4 |  4.0
Throwing       | 2 3 |  3.0
Spellcasting   | 2 3 |  3.5
Short Blades   | |  2.6
Dodging        | |  2.6

Action                   |  1- 3 |  4- 6 || total
-------------------------+-------+-------++-------
Melee: Rapier            |    30 |       ||    30
       Short sword       |   162 |   205 ||   367
       Punch             |     2 |       ||     2
Throw: Throwing net      |     2 |     3 ||     5
       Dart              |       |     6 ||     6
       Javelin           |       |     5 ||     5
  Use: Scroll            |     1 |     8 ||     9
 Stab: Sleeping          |     2 |     7 ||     9
       Held in net/web   |       |     2 ||     2
       Distracted        |       |     1 ||     1
Armor: Leather armour    |    92 |    49 ||   141
Dodge: Dodged            |   120 |    91 ||   211
Block: Other             |       |    39 ||    39

Table legend: (Time is in decaauts)
 A = Elapsed time spent in this place.
 B = Non-inter-level travel time spent in this place.
 C = Inter-level travel time spent in this place.
 D = Time resting spent in this place.
 E = Time spent auto-exploring this place.
 F = Levels seen in this place.
 G = Mean time per level.
                   A        B        C        D        E       F      G
               +--------+--------+--------+--------+--------+-----+--------+
         Total |   3969 |   3782 |    187 |    200 |   2851 |   5 |  793.8 |
       Dungeon |   3969 |   3782 |    187 |    200 |   2851 |   5 |  793.8 |
               +--------+--------+--------+--------+--------+-----+--------+

Top non-repeatable levels by time:
     D:2: 1094 daAuts
     D:4: 1006 daAuts
     D:3: 948 daAuts
     D:1: 881 daAuts
     D:5: 39 daAuts
